 Dungeon Crawl Stone Soup version 0.27-b1-42-g19c61b19a5 (webtiles) character file.

Game seed: 14897250798791926609

17 mhtbhm the Vandal (level 2, -1/22 HPs)
             Began as a Human Hunter on July 30, 2021.
             Slain by a kobold (2 damage)
             ... on level 2 of the Dungeon.
             The game lasted 00:01:33 (1801 turns).

mhtbhm the Vandal (Human Hunter)                    Turns: 1801, Time: 00:01:34

Health: -1/22      AC:  3    Str: 12    XL:     2   Next: 80%
Magic:  2/2        EV: 11    Int: 11    God:
Gold:   44         SH:  0    Dex: 13    Spells: 1/1 levels left

rFire    . . .     SeeInvis .   a - +1 hunting sling
rCold    . . .     Faith    .   (no shield)
rNeg     . . .     Spirit   .   c - +0 leather armour
rPois    .         Reflect  .   (no helmet)
rElec    .         Harm     .   (no cloak)
rCorr    .         Rampage  .   (no gloves)
Will     .....                  (no boots)
Stlth    +.........             (no amulet)
HPRegen  0.07/turn              (no ring)
MPRegen  0.08/turn              (no ring)

@: hasted, slow
A: no striking features
a: no special abilities


You were on level 2 of the Dungeon.
You visited 1 branch of the dungeon, and saw 2 of its levels.

You collected 44 gold pieces.

Inventory:

Hand Weapons
 a - a +1 hunting sling (weapon)
 b - a +0 short sword
Missiles
 d - 12 sling bullets (quivered ammo)
 k - 6 javelins
 l - 14 stones
Armour
 c - a +0 leather armour (worn)
Jewellery
 h - a +6 ring of dexterity
Scrolls
 e - a scroll of identify {unknown}
 g - a scroll of noise {unknown}
 i - a scroll of teleportation
 j - a scroll of immolation {unknown}


   Skills:
 + Level 2.0 Fighting
 + Level 4.5 Slings
 + Level 0.3 Armour
 + Level 2.0 Dodging
 + Level 1.0 Stealth


You had one spell level left.
You didn't know any spells.
Your spell library was empty.

Dungeon Overview and Level Annotations

Branches:
Dungeon (2/15)

Altars:


Message History

You are too injured to fight recklessly!
Unknown command.
Unknown command.
Fire: 15 sling bullets
Press: ? - help, Q - select action, (/) - cycle Shift-Dir - straight line, f/p - adder
Aim: an adder (water, almost dead, 44% to hit)
You shoot a sling bullet. The sling bullet hits the adder.
You kill the adder!
You hear a splash.
The endoplasm freezes you.
You are frozen.
The kobold splashes around in the water.
Unknown command.
It was a potion of haste.
You feel yourself speed up. The endoplasm freezes you.
You are frozen.
* * * LOW HITPOINT WARNING * * *
The kobold hits you with a +0 whip.
* * * LOW HITPOINT WARNING * * *
Unknown command.
You aren't carrying any potions.
Unknown command.
Okay, then.
You aren't carrying any potions.
Unknown command.
Fire: 14 sling bullets
Press: ? - help, Q - select action, (/) - cycle Shift-Dir - straight line, f - endoplasm
Aim: an endoplasm (86% to hit)
You shoot a sling bullet.
The sling bullet hits the endoplasm but does no damage.
Unknown command.
Fire: 13 sling bullets
Press: ? - help, Q - select action, (/) - cycle Shift-Dir - straight line, f/p - endoplasm
Aim: an endoplasm (86% to hit)
You shoot a sling bullet. The sling bullet hits the endoplasm.
The endoplasm is lightly wounded.
You hear a splash.
The endoplasm splashes around in the water.
The kobold hits you with a +0 whip.
You die...

P≈≈≈≈≈≈(≈P≈≈≈P≈
≈≈≈≈≈≈≈≈≈≈P≈≈≈≈
≈≈≈≈≈≈≈≈≈≈≈≈PP≈
≈≈≈≈≈≈≈≈≈≈≈≈≈≈≈
≈≈≈≈≈≈≈≈≈≈≈≈≈PP
≈≈≈≈≈≈≈≈≈≈≈P≈
≈≈≈≈≈≈≈≈≈≈♣P≈♣≈
≈≈≈≈≈≈≈@≈≈≈≈≈P≈
≈≈≈≈≈≈K≈JP≈≈♣PP
≈PP≈≈≈♣≈♣≈♣≈≈♣
≈P≈≈(≈≈≈♣≈♣ .#
≈♣≈♣≈ P♣# # #
####


You could see an endoplasm and a kobold.

Vanquished Creatures
  An adder (D:2)
  An endoplasm (D:1)
  A goblin (D:1)
  2 quokkas (D:1)
  2 ball pythons (D:1)
  A frilled lizard (D:1)
8 creatures vanquished.

Notes
Turn   | Place    | Note
-------+----------+-------------------------------------------
     0 | D:1      | mhtbhm the Human Hunter began the quest for the Orb.
     0 | D:1      | Reached XP level 1. HP: 16/16 MP: 1/1
   932 | D:1      | Reached XP level 2. HP: 22/22 MP: 2/2
  1690 | D:1      | Found a faded altar of an unknown god.
  1799 | D:2      | HP: 1/22 [kobold (2)]
  1801 | D:2      | Slain by a kobold

Illustrated notes

Levels and vault maps discovered:
D:1:      psy_arrival_radial01, layout_basic,
          dreamdust_ecumenical_altar_hidden_monk_grotto, minmay_pentomino_x2
D:2:      layout_rooms, serial_corexii_hall, chequers_hall_statues_y,
          corexii_hall_statues_x, serial_bayou_lake_a

Action                   || total
-------------------------++-------
Melee: Short sword       ||    21
 Fire: Hunting sling     ||    17
Throw: Javelin           ||     1
  Use: Scroll            ||     1
       Potion            ||     1
Armor: Leather armour    ||     3
Dodge: Dodged            ||    19
